 Dungeon Crawl Stone Soup version 0.18.1-48-g4cf74bf (webtiles) character file.

2690 kosy22 the Ruffian (level 9, -6/88 HPs)
             Began as a Troll Monk on Aug 23, 2016.
             Was a Priest of Cheibriados.
             Mangled by an orc
             ... wielding a +0 war axe
              (12 damage)
             ... on level 6 of the Dungeon.
             The game lasted 00:27:10 (5500 turns).

kosy22 the Ruffian (Troll Monk)                     Turns: 5500, Time: 00:27:10

Health: -6/88      AC:  7    Str: 32    XL:     9   Next: 38%
Magic:  6/8        EV: 16    Int: 19    God:    Cheibriados [***...]
Gold:   413        SH:  0    Dex: 20    Spells: 0 memorised, 8 levels left

rFire  . . .     SeeInvis .     q - +4 dagger "Morg" {pain, MR+ Int+5}
rCold  . . .     Gourm    +     a - +0 robe
rNeg   . . .     Faith    .     (no shield)
rPois  .         Spirit   .     (helmet restricted)
rElec  .         Dismiss  .     u - +0 cloak
rCorr  +         Reflect  .     (gloves unavailable)
SustAt .         Harm     .     (boots unavailable)
MR     +....                    (no amulet)
Stlth  ++........               F - +1 ring of evasion
                                l - ring of resist corrosion

@: very slightly contaminated, very slow, somewhat resistant to hostile
enchantments, unstealthy
A: unfitting armour, claws 3, icy blue scales 1, fast metabolism 3, gourmand,
regeneration 2, screaming 1, shaggy fur 1, tough skin 2, wild magic 1
a: Bend Time, Temporal Distortion, Renounce Religion


You were on level 6 of the Dungeon.
You worshipped Cheibriados.
Cheibriados was most pleased with you.
You were not hungry.

You visited 1 branch of the dungeon, and saw 6 of its levels.

You collected 413 gold pieces.

Inventory:

Hand Weapons
 q - the +4 dagger "Morg" (weapon) {pain, MR+ Int+5}
   (You found it on level 5 of the Dungeon)

   In the hands of one skilled in necromantic magic, it inflicts extra damage on
   living creatures.
   It affects your intelligence (+5).
   It affects your resistance to hostile enchantments.
Missiles
 v - 19 tomahawks
 y - 7 tomahawks of returning
 E - a throwing net (quivered)
Armour
 a - a +0 robe (worn)
 u - a +0 cloak (worn)
Jewellery
 j - an uncursed ring of ice
 l - a ring of resist corrosion (left claw)
 s - a +3 ring of intelligence
 F - a +1 ring of evasion (right claw)
Wands
 i - a wand of lightning (8/15)
 w - a wand of flame (19/48)
 B - a wand of lightning (1/15)
Scrolls
 c - a scroll of fog {unknown}
 e - a scroll of enchant weapon
 f - a scroll of teleportation {unknown}
 k - a scroll of amnesia
 n - 5 scrolls of remove curse
 o - a scroll of recharging {unknown}
 x - a scroll of random uselessness {unknown}
Potions
 h - 3 potions of brilliance
 r - 2 potions of agility
 t - a potion of magic
Comestibles
 b - 7 bread rations
 d - 2 royal jellies
 m - 2 beef jerkies
 p - 2 meat rations
 z - a slice of pizza
 A - 4 fruits


   Skills:
 + Level 5.5 Fighting
 + Level 1.6 Short Blades
 + Level 1.2 Throwing
 + Level 7.1 Dodging
 + Level 3.1 Stealth
 + Level 7.4 Unarmed Combat
 + Level 0.3 Invocations
 + Level 0.2 Evocations


You had 8 spell levels left.
You didn't know any spells.

Dungeon Overview and Level Annotations

Branches:
Dungeon (6/15)
 Temple: D:4-7

Altars:
Cheibriados
Dithmenos
Fedhas
Kikubaaqudgha
Makhleb
Qazlal
Trog
Vehumet
Xom
Yredelemnul
The Shining One


Innate Abilities, Weirdness & Mutations

You are too large for most types of armour.
You have claws for hands.
Your metabolism is lightning-fast.
You like to eat raw meat.
You heal very quickly.
You are covered in fur (AC +1).
You have very tough skin (AC +2).
You are partially covered in icy blue scales (AC +1).
You occasionally shout uncontrollably at your foes.
Your spells are a little harder to cast, but a little more powerful.


Message History

The orc priest casts a cantrip, but nothing happens.
You don't know any spells.
Okay, then.
Read which item? (? for menu, Esc to quit)
Okay, then.
Drink which item? (? for menu, Esc to quit)
Okay, then.
Throwing (i - inventory. (,) - cycle):
E - 2 throwing nets
Press: ? - help, Shift-Dir - straight line, f - orc wizard
Aim: an orc wizard, wielding a dagger and wearing a robe (fast)
You throw a throwing net.
The throwing net closely misses the orc.
The throwing net hits the orc wizard.
The orc wizard is caught in the net!
The orc wizard casts a spell.
The orc wizard blinks!
You hit the orc but do no damage. The orc closely misses you.
You hit the orc.
The orc is heavily wounded.
The orc hits you with a war axe!
You die...

# #...........#..# #
###########.#..##.....
#.....#......
####....##....#
#...<.........#.
#............... #####
#.##..........#
#...###.##.o......#.#.#...
#.#.<##.##...o@...#......>
#.#......(........#.......
#.##.#####................
#.....())(o...............
###########..###.........#
#.....###........
#......(.........
#.###.#.#.#..##.# #.
.............


You could see an orc priest, an orc wizard and an orc.

Vanquished Creatures
  The ghost of UnlimitedFusion the Fighter, a novice MiCK of Xom (D:5)
  The ghost of kosy22 the Ducker, a novice TrMo (D:4)
  Grinder (D:5)
  An orc warrior (D:6)
  A black bear (D:5)
  2 ogres (D:5)
  3 centaurs
  4 giant frogs (D:6)
  A scorpion (D:6)
  A howler monkey (D:4)
  A giant frog zombie (D:6)
  2 orc priests
  Crazy Yiuf (D:2)
  3 hounds
  A giant frog skeleton (D:4)
  2 orc wizards
  5 iguanas
  3 worker ants
  A worker ant zombie (D:5)
  10 adders
  3 gnolls (D:3)
  2 oozes
  6 worms
  3 dart slugs
  5 giant geckos
  13 orcs
  4 giant cockroaches
  4 goblins
  8 hobgoblins
  8 jackals
  6 quokkas
  A ball python (D:4)
  13 bats
  A giant gecko skeleton (D:4)
  3 giant newts
  A jackal skeleton (D:5)
  6 kobolds
  2 quokka skeletons
  9 rats
  2 plants (D:1)
145 creatures vanquished.

Notes
Turn   | Place    | Note
--------------------------------------------------------------
     0 | D:1      | kosy22 the Troll Monk began the quest for the Orb.
     0 | D:1      | Reached XP level 1. HP: 22/22 MP: 0/0
   192 | D:1      | Reached XP level 2. HP: 29/29 MP: 1/1
   774 | D:1      | Reached XP level 3. HP: 36/36 MP: 2/2
  1358 | D:2      | Reached XP level 4. HP: 44/44 MP: 3/3
  1607 | D:2      | Found an ancient bone altar of Kikubaaqudgha.
  1835 | D:2      | Noticed Crazy Yiuf
  1842 | D:2      | Killed Crazy Yiuf
  2115 | D:3      | Reached XP level 5. HP: 53/53 MP: 4/4
  2208 | D:3      | Found a radiant altar of Vehumet.
  2349 | D:3      | Reached skill level 5 in Unarmed Combat
  2458 | D:3      | Found a shimmering altar of Xom.
  2662 | D:3      | Found a burning altar of Makhleb.
  2837 | D:4      | Noticed kosy22's ghost (novice TrMo)
  2860 | D:4      | Killed kosy22's ghost
  2860 | D:4      | Reached skill level 1 in Throwing
  2860 | D:4      | Reached XP level 6. HP: 35/62 MP: 5/5
  2860 | D:4      | Reached XP level 7. HP: 38/68 MP: 6/6
  3049 | D:4      | Found a basalt altar of Yredelemnul.
  3049 | D:4      | Found a snail-covered altar of Cheibriados.
  3050 | D:4      | Found a shadowy altar of Dithmenos.
  3134 | D:4      | Found a bloodstained altar of Trog.
  3586 | D:4      | Became a worshipper of Cheibriados the Contemplative
  3586 | D:4      | Reached * piety under Cheibriados
  3586 | D:4      | Reached ** piety under Cheibriados
  3899 | D:5      | Entered Level 5 of the Dungeon
  3933 | D:5      | Noticed UnlimitedFusion's ghost (novice MiCK)
  3965 | D:5      | Killed UnlimitedFusion's ghost
  3965 | D:5      | Reached skill level 5 in Dodging
  3965 | D:5      | Reached XP level 8. HP: 24/79 MP: 5/7
  4214 | D:5      | Found a glowing golden altar of the Shining One.
  4491 | D:5      | Found a blossoming altar of Fedhas.
  4506 | D:5      | Reached *** piety under Cheibriados
  4636 | D:5      | Found a stormy altar of Qazlal.
  4679 | D:5      | Reached skill level 5 in Fighting
  4781 | D:5      | Noticed Grinder
  4814 | D:5      | Killed Grinder
  4885 | D:5      | Reached skill level 1 in Short Blades
  4885 | D:5      | Reached XP level 9. HP: 46/88 MP: 8/8
  5497 | D:6      | Gained mutation: Your spells are a little harder to cast, but a little more powerful. [potion of mutation]
  5497 | D:6      | Gained mutation: You are partially covered in icy blue scales (AC +1). [potion of mutation]
  5497 | D:6      | Gained mutation: You occasionally shout uncontrollably at your foes. [potion of mutation]
  5500 | D:6      | Mangled by an orc

Skill      XL: |  1  2  3  4  5  6  7  8  9 |
---------------+----------------------------+-----
Dodging        | 3 4 5 6 7 |  7.1
Fighting       | 3 4 5 |  5.5
Unarmed Combat | 6 7 |  7.4
Throwing       | 1 |  1.2
Stealth        | 2 3 |  3.1
Short Blades   | 1 |  1.6
Invocations    | |  0.3
Evocations     | |  0.2

Action                   |  1- 3 |  4- 6 |  7- 9 || total
-------------------------+-------+-------+-------++-------
Melee: Unarmed           |   135 |   106 |   115 ||   356
       Punch             |     1 |     3 |    15 ||    19
       Dagger            |       |       |   187 ||   187
Throw: Tomahawk          |       |     9 |       ||     9
       Throwing net      |       |       |     1 ||     1
Invok: Bend Time         |       |       |     2 ||     2
Evoke: Wand              |       |     2 |       ||     2
  Use: Scroll            |     2 |     5 |     9 ||    16
       Potion            |       |     2 |     5 ||     7
 Stab: Sleeping          |     2 |       |     3 ||     5
       Invisible         |       |       |     3 ||     3
  Eat: Chunk             |    12 |    14 |    15 ||    41
       Bread ration      |       |       |     1 ||     1
Armor: Robe              |    50 |    38 |    57 ||   145
Dodge: Dodged            |    79 |    66 |   204 ||   349
